 Dungeon Crawl Stone Soup version 0.29-a0-356-g7bc237e783 (webtiles) character file.

Game seed: 18042213348361496442

3630 croobank the Magician (level 10, -7/74 HPs)
             Began as a Gnoll Fire Elementalist on Apr 26, 2022.
             Was an Initiate of Gozag.
             Mangled by a death yak (15 damage)
             ... on level 7 of the Dungeon.
             The game lasted 00:34:35 (8317 turns).

croobank the Magician (Gnoll Fire Elementalist)     Turns: 8317, Time: 00:34:52

Health: -7/74      AC:  9    Str:  8    XL:     10   Next: 11%
Magic:  2/20       EV: 14    Int: 25    God:    Gozag
Gold:   375        SH:  0    Dex: 12    Spells: 13/23 levels left

rFire   . . .      SeeInvis .   y - +2 spear (pain)
rCold   . . .      Faith    .   (no shield)
rNeg    . . .      Spirit   .   V - +0 steam dragon scales
rPois   .          Reflect  .   I - +0 helmet
rElec   .          Harm     .   W - +0 cloak
rCorr   .          Rampage  .   C - +0 pair of gloves
Will    .....                   (no boots)
Stlth   +++.......              x - amulet of magic regeneration
HPRegen 0.22/turn               r - ring of wizardry
MPRegen 0.57/turn               L - +6 ring of intelligence

@: very slightly contaminated
A: fangs 1, strong nose, distributed training
a: Renounce Religion, Potion Petition, Call Merchant, Bribe Branch


You were on level 7 of the Dungeon.
You worshipped Gozag.
Gozag was aware of your devotion.
You visited 2 branches of the dungeon, and saw 10 of its levels.

You collected 640 gold pieces.
You spent 74 gold pieces at shops.
You paid 191 gold pieces to Gozag.

Inventory:

Hand Weapons
 a - a +1 whip of electrocution
 b - a +0 hunting sling
 e - a +0 short sword
 y - a +2 spear of pain (weapon)
 B - a +0 war axe
 K - a +0 battleaxe
 N - a +0 shortbow
 U - a +2 vorpal long sword
Missiles
 k - 135 stones
 w - 21 poisoned darts
 O - 6 silver javelins
Armour
 d - a +0 leather armour
 j - a +0 robe
 v - a scarf of invisibility
 C - a +0 pair of gloves (worn)
 E - a +3 ring mail
 I - a +0 helmet (worn)
 V - +0 steam dragon scales (worn)
 W - a +0 cloak (worn)
Magical Staves
 m - a staff of air
 D - a staff of earth
Jewellery
 h - an amulet of reflection
 o - a ring of flight
 q - a +4 ring of evasion
 r - a ring of wizardry (left hand)
 s - a +4 ring of protection
 u - a +6 ring of dexterity
 x - an amulet of magic regeneration (around neck)
 F - a +6 ring of strength
 H - a +4 ring of evasion
 L - a +6 ring of intelligence (right hand)
Wands
 z - a wand of mindburst (9)
 G - a wand of digging (7)
 P - a wand of flame (18)
 R - a wand of acid (19)
Scrolls
 l - 2 scrolls of immolation
 p - a scroll of vulnerability
 t - 3 scrolls of teleportation
 Q - a scroll of amnesia
 T - a scroll of magic mapping {unknown}
Potions
 c - 2 potions of ambrosia
 f - 7 potions of curing
 g - 2 potions of invisibility
 i - a potion of magic
 n - a potion of cancellation
 A - a potion of berserk rage
 J - a potion of mutation


   Skills:
 + Level 5.0 Fighting
 + Level 5.0 Short Blades
 + Level 5.0 Long Blades
 + Level 5.0 Axes
 + Level 5.0 Maces & Flails
 + Level 5.0 Polearms
 + Level 5.0 Staves
 + Level 5.0 Slings
 + Level 5.0 Bows
 + Level 5.0 Crossbows
 + Level 5.0 Throwing
 + Level 5.0 Armour
 + Level 6.8 Dodging
 + Level 6.5 Stealth
 + Level 5.0 Shields
 + Level 5.0 Unarmed Combat
 + Level 7.1 Spellcasting
 + Level 4.6 Conjurations
 + Level 4.1 Hexes
 + Level 4.1 Summonings
 + Level 4.1 Necromancy
 + Level 4.1 Translocations
 + Level 4.1 Transmutations
 + Level 6.9 Fire Magic
 + Level 4.1 Ice Magic
 + Level 4.1 Air Magic
 + Level 4.1 Earth Magic
 + Level 4.1 Poison Magic
 + Level 5.4 Invocations
 + Level 5.0 Evocations


You had 13 spell levels left.
You knew the following spells:

 Your Spells              Type           Power      Damage    Failure   Level
a - Foxfire               Conj/Fire      100%       2x1d9     1%          1
b - Scorch                Fire           86%        2d9       1%          2
c - Flame Wave            Conj/Fire      38%        2d9       2%          4
d - Confusing Touch       Hex            29%        N/A       1%          3

Your spell library contained the following spells:

 Spells                   Type           Power      Damage    Failure   Level
 Slow                     Hex            100%       N/A       1%          1
 Conjure Flame            Conj/Fire      38%        6-21      1%          3
 Inner Flame              Hex/Fire       36%        N/A       1%          3
 Portal Projectile        Hex/Tloc       58%        N/A       1%          3
 Summon Guardian Golem    Hex/Summ       29%        N/A       1%          3
 Vampiric Draining        Necr           29%        2d8       1%          3
 Blade Hands              Tmut           14%        N/A       14%         5
 Excruciating Wounds      Necr           14%        N/A       14%         5
 Orb of Destruction       Conj           16%        9d7       96%         7
 Spellforged Servitor     Conj/Summ      15%        N/A       97%         7


Dungeon Overview and Level Annotations

Branches:
Dungeon (9/15)             Temple (1/1) D:7            Lair (0/6) D:8
    Orc (0/2) D:9

Altars:
Gozag
Makhleb
Vehumet
Beogh

Shops:
D:1 ?   D:4 *

Annotations:
D:9 3 runed translucent doors, HendSelp's ghost, journeyman MfGl


Innate Abilities, Weirdness & Mutations

You have very sharp teeth.
Your uncanny sense of smell can sniff out nearby items.
Your experience applies equally to all skills.


Message History

The death yak closely misses you.
Casting: Scorch (safe; 1% risk of failure)
Confirm with . or Enter, or press ? or * to list all spells.
Flames lash the death yak.
The death yak is burned terribly!
The death yak is severely wounded.
The death yak gores you!!
Casting: Scorch (safe; 1% risk of failure)
Confirm with . or Enter, or press ? or * to list all spells.
Flames lash the death yak.
The death yak is burned terribly!
The death yak is almost dead.
The death yak gores you!!
* * * LOW HITPOINT WARNING * * *
Blink to where?
Press: ? - help, Dir - move target
As you read the scroll of blinking, it crumbles to dust.
Casting: Scorch (safe; 1% risk of failure)
Confirm with . or Enter, or press ? or * to list all spells.
You conjure some foxfire!
The foxfire hits the death yak.
The death yak is burned terribly!
The death yak is almost dead.
Casting: Foxfire (safe; 1% risk of failure)
Confirm with . or Enter, or press ? or * to list all spells.
You can't see any susceptible monsters within range! (Use Z to cast anyway.)
Casting: Foxfire (safe; 1% risk of failure)
Confirm with . or Enter, or press ? or * to list all spells.
You miscast Scorch.
You are very lightly contaminated with residual magic.
Nothing appears to happen.
Your foxfire dissipates!
Casting: Scorch (safe; 1% risk of failure)
Confirm with . or Enter, or press ? or * to list all spells.
Flames lash the death yak.
The death yak is burned terribly!
The death yak is almost dead.
Casting: Scorch (safe; 1% risk of failure)
Confirm with . or Enter, or press ? or * to list all spells.
Flames lash the death yak but do no damage.
Your hands stop glowing.
The death yak gores you!
You die...
Your body crumbles into a pile of gold.

##.################.
#.# #. #># #. #$#
######## ## #.#
#......######## #.#
#......'......# #.#
#......######P#
##Y###....#.........
#..@......#.######P#
######<.......# #..#
#........###...
###............
#............
#...........#
#...........#
#...........#
#...........#


You could see a death yak (combustible).

Vanquished Creatures
  Maggie (D:7)
  An unseen horror (D:8)
  A troll (D:7)
  A wyvern (D:9)
  A steam dragon (D:9)
  4 water moccasins
  2 ice beasts
  2 orc warriors
  A sky beast (D:7)
  An ogre (D:5)
  A black bear (D:6)
  A centaur (D:9)
  2 phantoms
  A kobold brigand (D:8)
  A bullfrog (D:7)
  3 necrophages
  3 wights
  A howler monkey (D:7)
  2 hounds
  2 jellies
  5 orc priests
  Jessica (D:3)
  4 iguanas
  Ijyb (D:3)
  2 orc wizards (D:9)
  Natasha (thrice) (D:3)
  Robin (D:3)
  7 gnolls
  3 adders
  An ufetubus (D:7)
  22 orcs
  8 ball pythons
  8 bats
  8 endoplasms
  3 giant cockroaches
  10 hobgoblins
  4 quokkas
  4 frilled lizards
  14 goblins
  9 kobolds
  8 rats
158 creatures vanquished.

Vanquished Creatures (others)
  213 foxfires
  7 fungi (D:9)
  28 plants (D:2)
248 creatures vanquished.

Grand Total: 406 creatures vanquished

Notes
Turn   | Place    | Note
-------+----------+-------------------------------------------
     0 | D:1      | croobank the Gnoll Fire Elementalist began the quest for
                  | the Orb.
     0 | D:1      | Reached XP level 1. HP: 13/13 MP: 6/6
    23 | D:1      | Found Olefack's Magic Scroll Emporium.
   106 | D:1      | Bought a scroll of identify for 28 gold pieces
   239 | D:1      | Reached XP level 2. HP: 19/19 MP: 5/7
   243 | D:1      | Learned a level 2 spell: Scorch
  1195 | D:2      | Found a faded altar of an unknown god.
  1212 | D:2      | Reached XP level 3. HP: 25/25 MP: 6/9
  1318 | D:2      | Reached skill level 5 in Spellcasting
  1383 | D:2      | Reached skill level 1 in Invocations
  1695 | D:2      | Reached skill level 1 in Fighting
  1695 | D:2      | Reached skill level 1 in Short Blades
  1695 | D:2      | Reached skill level 1 in Long Blades
  1695 | D:2      | Reached skill level 1 in Axes
  1695 | D:2      | Reached skill level 1 in Maces & Flails
  1695 | D:2      | Reached skill level 1 in Polearms
  1695 | D:2      | Reached skill level 1 in Staves
  1695 | D:2      | Reached skill level 1 in Slings
  1695 | D:2      | Reached skill level 1 in Bows
  1695 | D:2      | Reached skill level 1 in Crossbows
  1695 | D:2      | Reached skill level 1 in Throwing
  1695 | D:2      | Reached skill level 1 in Armour
  1695 | D:2      | Reached skill level 1 in Shields
  1695 | D:2      | Reached skill level 1 in Unarmed Combat
  1695 | D:2      | Reached skill level 1 in Evocations
  1894 | D:2      | Found a burning altar of Makhleb.
  2124 | D:2      | Reached XP level 4. HP: 32/32 MP: 8/11
  2497 | D:3      | Learned a level 4 spell: Flame Wave
  2524 | D:3      | Noticed Jessica
  2530 | D:3      | Noticed an ice beast
  2542 | D:3      | Killed Jessica
  2543 | D:3      | Reached skill level 1 in Hexes
  2543 | D:3      | Reached skill level 1 in Summonings
  2543 | D:3      | Reached skill level 1 in Necromancy
  2543 | D:3      | Reached skill level 1 in Translocations
  2543 | D:3      | Reached skill level 1 in Transmutations
  2543 | D:3      | Reached skill level 1 in Ice Magic
  2543 | D:3      | Reached skill level 1 in Air Magic
  2543 | D:3      | Reached skill level 1 in Earth Magic
  2543 | D:3      | Reached skill level 1 in Poison Magic
  2554 | D:4      | Reached XP level 5. HP: 34/37 MP: 1/12
  2806 | D:4      | Noticed a phantom
  2817 | D:4      | Killed a phantom
  2818 | D:4      | Reached XP level 6. HP: 42/44 MP: 7/14
  2822 | D:4      | Reached skill level 5 in Dodging
  2978 | D:3      | Noticed Ijyb
  2988 | D:3      | Killed Ijyb
  3043 | D:3      | Killed an ice beast
  3066 | D:3      | Reached XP level 7. HP: 50/50 MP: 12/15
  3214 | D:3      | Noticed Natasha
  3218 | D:3      | Killed Natasha
  3383 | D:3      | Noticed Natasha
  3387 | D:3      | Killed Natasha
  3395 | D:3      | Noticed Natasha
  3401 | D:3      | Killed Natasha
  3465 | D:3      | Noticed Robin
  3472 | D:3      | Killed Robin
  3550 | D:4      | Learned a level 3 spell: Confusing Touch
  3628 | D:4      | Found Zoqatouvy's Assorted Antiques.
  3645 | D:4      | Bought a scroll of identify for 46 gold pieces
  3979 | D:5      | Entered Level 5 of the Dungeon
  4247 | D:5      | Reached skill level 5 in Stealth
  4466 | D:5      | Reached XP level 8. HP: 57/57 MP: 12/16
  5245 | D:6      | Found a radiant altar of Vehumet.
  5276 | D:6      | You fall into a shaft and drop 3 floors!
  5409 | D:9      | Found a runed translucent gate.
  5410 | D:9      | Found a runed translucent gate.
  5410 | D:9      | Found a runed translucent gate.
  5410 | D:9      | Noticed HendSelp's ghost (journeyman MfGl)
  5439 | D:9      | Noticed a wyvern
  5449 | D:9      | Killed a wyvern
  5478 | D:9      | Reached skill level 6 in Spellcasting
  5747 | D:9      | Found a staircase to the Orcish Mines.
  5751 | D:8      | Noticed a death yak
  5766 | D:8      | Killed an unseen horror
  5767 | D:8      | Reached XP level 9. HP: 23/65 MP: 7/18
  7128 | D:7      | Found a staircase to the Ecumenical Temple.
  7134 | Temple   | Entered the Ecumenical Temple
  7168 | Temple   | Became a worshipper of Gozag Ym Sagoz the Greedy
  7394 | D:7      | Noticed a troll
  7401 | D:7      | Reached skill level 5 in Invocations
  7401 | D:7      | Killed a troll
  7665 | D:7      | Noticed Maggie
  7866 | D:7      | Killed Maggie
  7867 | D:7      | Reached skill level 7 in Spellcasting
  7867 | D:7      | Reached XP level 10. HP: 57/73 MP: 18/20
  8257 | D:8      | Noticed a death yak
  8257 | D:8      | Found a staircase to the Lair.
  8260 | D:8      | Noticed a death yak
  8300 | D:7      | Reached skill level 5 in Fighting
  8300 | D:7      | Reached skill level 5 in Short Blades
  8300 | D:7      | Reached skill level 5 in Long Blades
  8300 | D:7      | Reached skill level 5 in Axes
  8300 | D:7      | Reached skill level 5 in Maces & Flails
  8300 | D:7      | Reached skill level 5 in Polearms
  8300 | D:7      | Reached skill level 5 in Staves
  8300 | D:7      | Reached skill level 5 in Slings
  8300 | D:7      | Reached skill level 5 in Bows
  8300 | D:7      | Reached skill level 5 in Crossbows
  8300 | D:7      | Reached skill level 5 in Throwing
  8300 | D:7      | Reached skill level 5 in Armour
  8300 | D:7      | Reached skill level 5 in Shields
  8300 | D:7      | Reached skill level 5 in Unarmed Combat
  8300 | D:7      | Reached skill level 5 in Evocations
  8317 | D:7      | Mangled by a death yak

Illustrated notes

Levels and vault maps discovered:
D:1:      lemuel_arrival_cross, layout_loops_corners, serial_shops,
          nicolae_shop_trees
D:2:      wad_woods_pond, layout_basic, basic_altar, nicolae_ecumenical_pavilion
D:3:      layout_rooms, uniq_ijyb, uniq_natasha, uniq_jessica, uniq_robin
D:4:      layout_cave_pools, serial_shops, shop_coins, roderic_serpentine_path
D:5:      layout_basic, minmay_misc_feat_hallway
D:6:      layout_gridville, fiery_altar_vehumet
D:7:      minmay_inner_zag, layout_basic, minmay_temple_entry_gardened_gates,
          david_defended_altar_orc, uniq_maggie
D:8:      layout_gridville, dpeg_lair_monsters, enter_bailey_7
D:9:      layout_basic, mainiacjoe_overflow_boulevard, orc_0_dummy,
          serial_shops, shop, ebering_ghost_rock_garden,
          minmay_fractal_squares_5
Temple:   mainiacjoe_temple_big_plus

Skill      XL: |  1  2  3  4  5  6  7  8  9 10 |
---------------+-------------------------------+-----
Conjurations   | 2 3 4 |  4.6
Spellcasting   | 5 6 7 |  7.1
Invocations    | 1 2 3 4 5 |  5.4
Fighting       | 1 2 3 4 5 |  5.0
Short Blades   | 1 2 3 4 5 |  5.0
Long Blades    | 1 2 3 4 5 |  5.0
Axes           | 1 2 3 4 5 |  5.0
Maces & Flails | 1 2 3 4 5 |  5.0
Polearms       | 1 2 3 4 5 |  5.0
Staves         | 1 2 3 4 5 |  5.0
Slings         | 1 2 3 4 5 |  5.0
Bows           | 1 2 3 4 5 |  5.0
Crossbows      | 1 2 3 4 5 |  5.0
Throwing       | 1 2 3 4 5 |  5.0
Armour         | 1 2 3 4 5 |  5.0
Shields        | 1 2 3 4 5 |  5.0
Unarmed Combat | 1 2 3 4 5 |  5.0
Evocations     | 1 2 3 4 5 |  5.0
Hexes          | 1 2 3 4 |  4.1
Summonings     | 1 2 3 4 |  4.1
Necromancy     | 1 2 3 4 |  4.1
Translocations | 1 2 3 4 |  4.1
Transmutations | 1 2 3 4 |  4.1
Ice Magic      | 1 2 3 4 |  4.1
Air Magic      | 1 2 3 4 |  4.1
Earth Magic    | 1 2 3 4 |  4.1
Poison Magic   | 1 2 3 4 |  4.1
Dodging        | 5 6 |  6.8
Stealth        | 5 6 |  6.5
Fire Magic     | 6 |  6.9

Action                   |  1- 3 |  4- 6 |  7- 9 | 10-12 || total
-------------------------+-------+-------+-------+-------++-------
Melee: Whip              |     7 |       |       |       ||     7
       Bite              |     1 |       |     3 |     2 ||     6
       Spear             |       |     7 |    16 |     5 ||    28
 Cast: Foxfire           |    34 |    26 |    59 |     5 ||   124
       Scorch            |    16 |    32 |   106 |    16 ||   170
       Flame Wave        |       |     3 |     3 |     2 ||     8
       Confusing Touch   |       |       |     1 |     1 ||     2
Evoke: Wand              |       |       |     4 |       ||     4
  Use: Scroll            |     6 |       |    12 |     1 ||    19
       Potion            |       |       |     3 |     1 ||     4
 Stab: Sleeping          |     1 |     1 |       |       ||     2
Armor: Robe              |     5 |     4 |    15 |       ||    24
       Steam dragon scal |       |       |       |     7 ||     7
Dodge: Dodged            |     6 |    15 |    31 |    10 ||    62

Table legend: (Time is in decaauts)
 A = Elapsed time spent in this place.
 B = Non-inter-level travel time spent in this place.
 C = Inter-level travel time spent in this place.
 D = Time resting spent in this place.
 E = Time spent auto-exploring this place.
 F = Levels seen in this place.
 G = Mean time per level.
                   A        B        C        D        E       F      G
               +--------+--------+--------+--------+--------+-----+--------+
         Total |   8320 |   7996 |    324 |   1305 |   5171 |  10 |  832.0 |
       Dungeon |   8263 |   7961 |    302 |   1305 |   5141 |   9 |  918.1 |
        Temple |     56 |     34 |     22 |      0 |     30 |   1 |   56.0 |
               +--------+--------+--------+--------+--------+-----+--------+

Top non-repeatable levels by time:
     D:7: 1756 daAuts
     D:2: 1286 daAuts
     D:1: 1194 daAuts
     D:5: 1096 daAuts
     D:6: 898 daAuts
     D:4: 881 daAuts
     D:3: 621 daAuts
     D:9: 474 daAuts
  Temple: 56 daAuts
     D:8: 53 daAuts
